 Dungeon Crawl Stone Soup version 0.22-a0-284-g99d1f74 (webtiles) character file.

480 Arum the Ducker (level 6, 0/44 HPs)
             Began as a Vampire Gladiator on Mar 21, 2018.
             Slain by Edmund
             ... wielding a +1 flail of protection
              (4 damage)
             ... on level 3 of the Dungeon.
             The game lasted 00:10:03 (5747 turns).

Arum the Ducker (Vampire Gladiator)                 Turns: 5747, Time: 00:10:03

Health: 0/44       AC:  0    Str: 14 (15) XL:     6   Next: 86%
Magic:  5/6        EV: 25    Int: 15 (16) God:
Gold:   156        SH:  0    Dex: 17 (20) Spells: 5/5 levels left

rFire    . . .     SeeInvis +     - Unarmed
rCold    . . .     Gourm    .   (shield currently unavailable)
rNeg     + . .     Faith    .   (armour currently unavailable)
rPois    .         Spirit   .   (helmet currently unavailable)
rElec    .         Reflect  .   (cloak currently unavailable)
rCorr    .         Harm     .   (gloves currently unavailable)
MR       .....                  (boots currently unavailable)
Stlth    ++++......             e - amulet of rage
HPRegen  0.14/turn              (ring currently unavailable)
MPRegen  0.10/turn              (ring currently unavailable)

@: brilliant, bat-form, flying, very quick
A: tiny, fangs 3, see invisible
a: End Transformation, Evoke Berserk Rage


You were on level 3 of the Dungeon.
You were not thirsty.
You were in vampire-bat-form.
You visited 1 branch of the dungeon, and saw 4 of its levels.

You collected 156 gold pieces.

Inventory:

Missiles
 c - 3 throwing nets (quivered)
Armour
 a - a +0 leather armour
 b - a +0 helmet (melded)
 j - a cursed +0 scale mail
 l - a +0 robe of cold resistance (melded)
Jewellery
 e - an amulet of rage (around neck)
 u - an uncursed amulet of faith {unknown}
 x - a ring of protection from fire (melded)
Wands
 t - a wand of iceblast (9)
 v - a wand of paralysis (11)
 w - a wand of flame (12)
Scrolls
 m - a scroll of remove curse {unknown}
 p - a scroll of noise {unknown}
 q - 2 scrolls of identify {unknown}
 r - a scroll of teleportation {unknown}
 s - a scroll of blinking {unknown}
Potions
 d - 2 potions of blood
 f - a potion of curing
 h - a potion of degeneration
 n - a potion of haste


   Skills:
 - Level 1.7 Fighting
 - Level 1.5 Throwing
 + Level 6.5 Dodging
 + Level 6.4 Unarmed Combat


You had 5 spell levels left.
You didn't know any spells.

Dungeon Overview and Level Annotations

Branches:
Dungeon (4/15)
 Temple: D:4-7

Altars:
Xom

Annotations:
D:3 Edmund


Innate Abilities, Weirdness & Mutations

You have razor-sharp teeth.
You have supernaturally acute eyesight. (SInv)
((You can survive without breathing.))


Message History

Edmund hits you with a flail of protection!
* * * LOW HITPOINT WARNING * * *
Edmund asks, "Have you met my wondrous brother?"
You turn into a vampire bat.
Your +0 helmet melds into your body.
Your +0 robe of cold resistance melds into your body.
Your ring of protection from fire melds into your body.
You feel less resistant to cold. Edmund completely misses you.
Yummy - fresh blood!
Yummy - fresh blood!
You hit Edmund but do no damage.
Edmund is heavily wounded.
Edmund hits you with a flail of protection.
* * * LOW HITPOINT WARNING * * *
You hit Edmund. You bite Edmund, but do no damage.
Edmund is heavily wounded.
You hit Edmund but do no damage.
Edmund is heavily wounded.
Edmund completely misses you.
Edmund hits you with a flail of protection.
You die...

# #.##..........####..### #.
###.##...#......##....##### #.
#...##.#........).........#######
..####.##......###.###.........#
.## #.##.#....................##
.# #....#................)...##
.# ###..###....##.####...........
.###....# #....@..#####..........
.##.....# #.>..#b.....###..###...
........#####........(# #..##...#
..........###.##......# #..#...##
........).....##.<....###.....###
............####......#..........
...............#.................
..#..........@........##.........
..#..............................
..##.....##.....#..#####.........


You could see Edmund.

Vanquished Creatures
  The ghost of Karim the Chopper, an amateur HOMo (D:4)
  2 orc priests (D:3)
  2 orc wizards
  Robin (D:4)
  A howler monkey skeleton (D:4)
  4 adders
  2 oozes
  A worm (D:3)
  4 leopard geckos
  An orc (D:4)
  3 giant cockroaches
  20 goblins
  8 hobgoblins
  6 jackals
  A quokka (D:3)
  7 bats
  4 frilled lizards
  6 kobolds
  3 rats (D:1)
77 creatures vanquished.

Notes
Turn   | Place    | Note
-------+----------+-------------------------------------------
     0 | D:1      | Arum the Vampire Gladiator began the quest for the Orb.
     0 | D:1      | Reached XP level 1. HP: 16/16 MP: 1/1
   181 | D:1      | Reached XP level 2. HP: 19/22 MP: 2/2
   466 | D:1      | Reached XP level 3. HP: 20/27 MP: 3/3
  1735 | D:3      | Reached XP level 4. HP: 28/33 MP: 4/4
  2472 | D:3      | Found an ornate altar of the Wu Jian Council.
  2474 | D:3      | Found a bloodstained altar of Trog.
  2474 | D:3      | Found a glowing silver altar of Zin.
  2476 | D:3      | Found a radiant altar of Vehumet.
  2476 | D:3      | Found a shimmering altar of Xom.
  2476 | D:3      | Found a stormy altar of Qazlal.
  2703 | D:4      | Noticed Robin
  3158 | D:4      | Killed Robin
  3158 | D:4      | Reached skill level 5 in Dodging
  3176 | D:3      | Reached skill level 5 in Unarmed Combat
  3627 | D:4      | Noticed Karim's ghost (amateur HOMo)
  3795 | D:4      | Killed Karim's ghost
  3795 | D:4      | Reached XP level 5. HP: 4/38 MP: 5/5
  3795 | D:4      | Reached XP level 6. HP: 5/44 MP: 6/6
  4395 | D:4      | HP: 1/44 [orc wizard/dagger (6)]
  4661 | D:3      | HP: 2/44 [orc wizard/dagger (1)]
  5177 | D:4      | Noticed Edmund
  5747 | D:3      | Slain by Edmund

Vault maps used:
D:1:      lordsloth_arrival_two_stooges
D:3:      doesnt_xom_only_xom
D:4:      minmay_diamond_boxcup, first_ration, uniq_duvessa, uniq_edmund,
          uniq_robin

Skill      XL: |  1  2  3  4 |
---------------+-------------+-----
Dodging        | 4 6 |  6.5
Unarmed Combat | 4 6 |  6.4
Fighting       | |  1.7
Throwing       | |  1.5

Action                   |  1- 3 |  4- 6 || total
-------------------------+-------+-------++-------
Melee: Unarmed           |   139 |   178 ||   317
       Bite              |    13 |    17 ||    30
       Punch             |     2 |     3 ||     5
 Abil: Evoke Berserk Rag |       |     1 ||     1
       Bat Form          |       |     2 ||     2
       End Transformatio |       |     1 ||     1
  Use: Potion            |     1 |    19 ||    20
 Stab: Sleeping          |     1 |     1 ||     2
Armor: Leather armour    |    31 |       ||    31
       Robe              |     2 |    29 ||    31
Dodge: Dodged            |    92 |   139 ||   231

Table legend:
 A = Spawn XP
 B = Non-spawn XP
 C = Spawn XP percentage of total XP
 D = Spawn monster count
 E = Non-spawn monster count
 F = Spawn count percentage of total count
 G = Total turns spent on level
                    A         B        C        D         E        F      G
               +---------+---------+-------+---------+---------+-------+---------
         Total |       0 |     686 |   0.0 |       0 |      77 |   0.0 |  5747
               +---------+---------+-------+---------+---------+-------+---------
           D:1 |       0 |      55 |   0.0 |       0 |      30 |   0.0 |   823
           D:2 |       0 |      68 |   0.0 |       0 |      15 |   0.0 |  1351
           D:3 |       0 |     170 |   0.0 |       0 |      22 |   0.0 |  2798
           D:4 |       0 |     393 |   0.0 |       0 |      10 |   0.0 |   775
               +---------+---------+-------+---------+---------+-------+---------
